 Dungeon Crawl Stone Soup version 0.20.1-1-g8b1a95d (webtiles) character file.

155250 equalderp2856 the Severer (level 17, -10/156 HPs)
             Began as a Minotaur Fighter on Aug 27, 2017.
             Killed by Shatter
             ... invoked by Jorgrun
              (37 damage)
             ... on level 3 of the Shoals.
             The game lasted 02:11:16 (45848 turns).

equalderp2856 the Severer (Minotaur Fighter)       Turns: 45848, Time: 02:11:17

Health: -10/156    AC: 22    Str: 22    XL:     17   Next: 8%
Magic:  0/24       EV: 14    Int:  8    God:
Gold:   3099       SH: 13    Dex: 13    Spells: 25/27 levels left

rFire    + + .     SeeInvis .   r - +2 war axe (chop)
rCold    + . .     Gourm    .   c - +0 shield
rNeg     . . .     Faith    .   A - +1 plate armour {rF+}
rPois    +         Spirit   +   (helmet restricted)
rElec    .         Reflect  .   X - scarf {rC+ rF+}
rCorr    .         Harm     .   b - +2 pair of gloves {archery}
MR       +....                  (no boots)
Stlth    ..........             P - amulet of guardian spirit
Regen    0.4/turn               s - ring of poison resistance
MPRegen  0.2/turn               E - +4 ring of evasion

@: no status effects
A: retaliatory headbutt, horns 2
a: no special abilities


You were on level 3 of the Shoals.
You were near starving.

You visited 4 branches of the dungeon, and saw 27 of its levels.
You also visited: Labyrinth and Ice Cave.

You collected 3099 gold pieces.

Inventory:

Hand Weapons
 r - a +2 war axe of chopping (weapon)
 K - a +2 trident of venom
 Q - the +0 hand crossbow of the Enchanted Forest {velocity, Int+2}
   (You found it on level 2 of the Lair of Beasts)

   Any bolt fired from it inflicts extra damage.
   It affects your intelligence (+2).
 Z - a +7 battleaxe of freezing
Armour
 b - a +2 pair of gloves of archery (worn)
 c - a +0 shield (worn)
 A - a +1 plate armour of fire resistance (worn)
 R - a +2 cloak
 U - a +1 chain mail of cold resistance
 X - a scarf of resistance (worn)
 Y - the +3 scale mail "Wel Hote" {+Blink}
   (You found it in a labyrinth)

   It lets you blink.
Jewellery
 i - an uncursed ring of flight
 s - a ring of poison resistance (left hand)
 u - a +4 ring of slaying
 E - a +4 ring of evasion (right hand)
 P - an amulet of guardian spirit (around neck)
Wands
 w - a wand of lightning (8/15)
 y - a wand of disintegration (16/24)
 D - a wand of iceblast (3/15)
 J - a wand of polymorph (7/24)
 N - a wand of confusion (28/48)
 O - a wand of confusion (20/48)
 S - a wand of acid (12/15)
Scrolls
 g - 14 scrolls of remove curse
 h - 7 scrolls of teleportation
 l - 3 scrolls of fear
 q - a scroll of enchant armour
 t - a scroll of magic mapping
 z - 3 scrolls of fog
 B - 6 scrolls of identify
 F - a scroll of holy word
 L - a scroll of recharging
Potions
 a - a potion of brilliance
 d - 3 potions of might
 j - 3 potions of heal wounds
 k - 3 potions of berserk rage
 n - 3 potions of agility
 o - 10 potions of lignification
 p - 5 potions of cancellation
 x - 2 potions of haste
 C - 5 potions of curing
 G - a potion of magic
 H - 2 potions of invisibility
 I - 2 potions of flight {unknown}
 W - a potion of resistance {unknown}
Books
 e - a book of Death

   Spells                             Type                      Level
   a - Corpse Rot                     Necromancy                   2
   b - Sublimation of Blood           Necromancy                   2
   c - Agony                          Necromancy                   5
   d - Dispel Undead                  Necromancy                   5
   e - Excruciating Wounds            Charms/Necromancy            5
   f - Bolt of Draining               Conjuration/Necromancy       5
 v - a book of Air

   Spells                             Type                      Level
   a - Shock                          Conjuration/Air              1
   b - Swiftness                      Charms/Air                   2
   c - Static Discharge               Conjuration/Air              3
   d - Airstrike                      Air                          4
   e - Lightning Bolt                 Conjuration/Air              5
 T - a book of Debilitation

   Spells                             Type                      Level
   a - Corona                         Hexes                        1
   b - Slow                           Hexes                        2
   c - Inner Flame                    Hexes/Fire                   3
   d - Portal Projectile              Hexes/Translocation          3
   e - Cause Fear                     Hexes                        4
   f - Leda's Liquefaction            Hexes/Earth                  4
 V - a book of Ice

   Spells                             Type                      Level
   a - Ice Form                       Ice/Transmutation            4
   b - Metabolic Englaciation         Hexes/Ice                    5
   c - Ozocubu's Refrigeration        Ice                          6
   d - Bolt of Cold                   Conjuration/Ice              6
   e - Freezing Cloud                 Conjuration/Ice/Air          6
   f - Simulacrum                     Ice/Necromancy               6
Comestibles
 f - 18 bread rations
 m - 17 meat rations
 M - 10 royal jellies


   Skills:
 + Level 15.6 Fighting
 + Level 18.8(18.9) Axes
 + Level 4.1(13.3) Polearms
 + Level 16.1 Armour
 + Level 5.8 Dodging
 + Level 2.5 Stealth
 + Level 13.4 Shields
 * Level 5.5 Spellcasting
 * Level 4.0 Charms
 - Level 1.2 Air Magic
 - Level 8.2 Evocations


You had 25 spell levels left.
You knew the following spells:

 Your Spells              Type           Power        Failure   Level  Hunger
a - Swiftness             Chrm/Air       #.......     80%         2    ##.....


Dungeon Overview and Level Annotations

Branches:
Dungeon (15/15)            Temple (0/1) D:6            Lair (6/6) D:10
 Shoals (4/4) Lair:4       Spider (0/4) Lair:4        Slime (0/5) Lair:5
    Orc (2/2) D:12            Elf (0/3) Orc:2        Vaults (0/5) D:13
 Depths (0/5) D:15

Altars:
Dithmenos
Kikubaaqudgha
Ru
The Shining One
Beogh

Shops:
D:5 *   D:10 (   Orc:2 *(=

Annotations:
Lair:6 Rupert
Shoals:3 Jorgrun
Shoals:4 Ilsuiw


Innate Abilities, Weirdness & Mutations

You reflexively headbutt those who attack you in melee.
You have a pair of horns on your head.


Message History

Jorgrun hits you but does no damage.
You closely miss Jorgrun. You headbutt Jorgrun.
Jorgrun is moderately wounded.
Jorgrun mumbles some strange words.
The dungeon rumbles around Jorgrun!
You shudder from the earth-shattering force.
* * * LOW HITPOINT WARNING * * *
Ka-crash!
Okay, then.
Press: ? - help, v - describe, . - travel A stone staircase leading down.
You feel much better. Jorgrun barely misses you.
You slice Jorgrun!! You headbutt Jorgrun!
Jorgrun is heavily wounded.
You slice Jorgrun!!
Jorgrun is severely wounded.
Jorgrun gestures wildly while chanting.
The dungeon rumbles around Jorgrun!
You shudder from the earth-shattering force.
You die...

≈≈≈≈≈≈≈≈≈≈≈≈≈≈≈.).#####.≈≈≈≈≈≈≈≈
≈≈≈≈≈≈≈≈≈≈≈≈≈≈>≈.## ##.≈≈≈≈≈≈≈
≈≈≈≈≈≈≈≈≈≈≈≈≈≈≈..# ##≈≈≈≈≈≈≈
≈≈≈≈≈≈≈≈≈≈≈≈≈≈≈.<# ##≈≈≈≈≈≈≈
≈≈≈≈≈≈≈≈≈≈≈≈≈...#### ##.≈≈≈≈≈≈.
≈≈≈≈≈≈≈≈≈≈≈≈≈...##<# ##..≈......
≈≈≈≈≈≈≈≈≈≈≈≈...#..# #..≈≈..##.#
≈≈≈≈≈≈≈≈≈≈≈≈≈≈≈≈≈.#.##.≈≈≈.###..
≈≈≈≈≈≈≈≈≈≈≈≈≈≈≈@†..###≈≈≈≈.###..
≈≈≈≈≈≈≈≈≈≈≈.....g.....≈≈≈≈≈..)..
≈≈≈≈≈≈≈≈≈≈≈..#.#.≈)≈≈≈≈≈≈≈≈≈≈≈≈≈
≈≈≈≈≈≈≈≈≈≈≈.#####.≈≈≈≈≈≈≈≈≈≈≈≈≈≈
≈≈≈≈≈≈≈≈≈≈.## ##..≈≈≈≈≈≈≈≈≈≈≈≈≈≈
≈≈≈≈≈≈≈≈≈..# #...≈≈≈≈≈≈≈≈≈≈≈≈≈≈
≈≈≈≈≈≈≈..### ####.≈≈≈≈≈≈≈≈≈≈≈≈≈
≈≈≈≈≈≈≈.## ### #.≈≈≈≈≈≈≈≈≈≈≈≈≈
≈≈≈≈≈≈≈..#####.###..≈≈≈≈≈≈≈≈≈≈≈≈


You could see Jorgrun.

Vanquished Creatures
  A kraken (Shoals:2)
  2 frost giants
  2 orc warlords
  Louise (D:15)
  Nessos (Orc:2)
  An ettin (Orc:1)
  A minotaur (Lab)
  A yaktaur captain (D:13)
  A fire dragon (D:14)
  5 merfolk impalers
  Erolcha (Orc:2)
  A merfolk avatar (Shoals:1)
  4 centaur warriors
  A death knight (D:15)
  4 merfolk aquamancers
  A catoblepas (D:13)
  3 hydras
  A satyr (Shoals:1)
  8 two-headed ogres
  7 death yaks
  3 orc high priests (Orc:2)
  Nergalle (D:10)
  2 unseen horrors
  7 sea snakes
  7 orc knights
  An ugly thing (D:13)
  4 harpies
  5 orc sorcerers
  3 oklob plants (Lair:4)
  A wolf spider (shapeshifter) (D:14)
  9 cyclopes
  A deep elf mage (D:14)
  11 manticores
  9 fauns
  17 elephants
  4 centaur zombies
  6 black mambas
  Psyche (D:10)
  7 merfolk sirens
  2 torpor snails
  10 water nymphs
  An ice statue (IceCv)
  Maurice (D:12)
  A guardian serpent (shapeshifter) (D:14)
  2 gargoyles
  15 spiny frogs
  3 kobold demonologists
  9 komodo dragons
  3 yaktaurs
  4 rime drakes
  An efreet (D:15)
  A tengu conjurer (D:15)
  15 trolls
  27 merfolk
  A jumping spider (Lair:4)
  6 hornets
  24 polar bears
  Prince Ribbit (D:5)
  11 hippogriffs
  14 slime creatures
  A wind drake (Shoals:3)
  12 dream sheep
  13 blink frogs
  8 snapping turtles
  A shadow (D:12)
  15 spriggans (Lair:6)
  Sigmund (D:2)
  8 water elementals
  Eustachio (D:5)
  The ghost of Dustman the Ducker, an amateur FeMo of Ru (D:7)
  3 wraiths
  A human (D:14)
  4 basilisks
  Grum (D:10)
  62 yaks
  2 hungry ghosts
  2 steam dragons
  3 vampire mosquitoes (D:14)
  7 wargs
  An acid dragon (D:15)
  11 water moccasins
  60 orc warriors
  8 porcupines
  5 ice beasts
  A black bear (shapeshifter) (D:13)
  3 sky beasts
  Purgy (D:3)
  A necrophage (D:12)
  4 black bears
  2 phantoms
  21 centaurs
  16 ogres
  4 boggarts (Lair:6)
  56 wolves
  13 crocodiles
  2 big kobolds
  19 bullfrogs
  4 scorpions
  18 killer bees
  7 howler monkeys
  10 wights
  2 electric eels (D:3)
  6 crimson imps
  8 jellies
  3 hounds
  2 quasits
  4 centaur skeletons
  20 orc priests
  31 orc wizards
  3 bullfrog skeletons
  Terence (D:3)
  3 iguanas
  5 hell rats (Lair:3)
  7 worker ants
  A hound zombie (D:7)
  2 hound skeletons
  15 adders
  12 river rats (Lair:3)
  5 shadow imps
  12 white imps (Lair:5)
  An adder skeleton (D:9)
  3 worms
  3 dart slugs
  6 leopard geckos
  113 orcs
  13 bats
  2 giant cockroaches
  8 goblins
  12 hobgoblins
  6 jackals
  24 kobolds
  11 quokkas
  A ball python (D:1)
  2 frilled lizards
  A jackal skeleton (D:4)
  A leopard gecko skeleton (D:7)
  23 rats
  6 fungi
  13 plants
  2 tentacles (Shoals:2)
1104 creatures vanquished.

Vanquished Creatures (others)
  A water elemental (Shoals:4)
  2 orc warriors (Orc:2)
  3 wights (D:6)
  17 fungi
  28 plants
  14 tentacles (Shoals:2)
65 creatures vanquished.

Grand Total: 1169 creatures vanquished

Notes
Turn   | Place    | Note
-------+----------+-------------------------------------------
     0 | D:1      | equalderp2856 the Minotaur Fighter began the quest for the Orb.
     0 | D:1      | Reached XP level 1. HP: 19/19 MP: 0/0
   246 | D:1      | Reached XP level 2. HP: 27/27 MP: 1/1
   704 | D:2      | Noticed Sigmund
   865 | D:3      | Reached skill level 3 in Axes
   873 | D:3      | Noticed Purgy
   929 | D:3      | Killed Purgy
   929 | D:3      | Reached skill level 4 in Axes
   929 | D:3      | Reached XP level 3. HP: 21/33 MP: 2/2
   929 | D:3      | Reached XP level 4. HP: 26/40 MP: 3/3
  1224 | D:3      | Reached XP level 5. HP: 46/46 MP: 4/4
  1353 | D:3      | Found a transporter.
  1364 | D:3      | Noticed Terence
  1367 | D:3      | Found a transporter.
  1598 | D:3      | Reached skill level 5 in Armour
  1942 | D:3      | You fall through a shaft for 2 floors!
  1942 | D:5      | Entered Level 5 of the Dungeon
  2112 | D:5      | Found a glowing golden altar of the Shining One.
  2189 | D:5      | Noticed Prince Ribbit
  2224 | D:6      | Reached skill level 5 in Axes
  2224 | D:6      | Reached XP level 6. HP: 42/52 MP: 5/5
  2225 | D:6      | Reached skill level 1 in Dodging
  2232 | D:6      | Reached skill level 5 in Shields
  2651 | D:6      | Reached XP level 7. HP: 50/60 MP: 6/6
  2982 | D:6      | Reached skill level 6 in Axes
  3032 | D:6      | Found a staircase to the Ecumenical Temple.
  3203 | D:6      | Reached skill level 5 in Fighting
  3398 | D:5      | Found Wier's General Store.
  3414 | D:5      | Noticed Eustachio
  3435 | D:5      | Reached skill level 7 in Axes
  3440 | D:5      | Killed Eustachio
  3440 | D:5      | Reached XP level 8. HP: 35/68 MP: 7/7
  3759 | D:5      | Killed Prince Ribbit
  3759 | D:5      | Reached skill level 8 in Axes
  4169 | D:4      | Found an ancient bone altar of Kikubaaqudgha.
  5494 | D:2      | Found a glowing golden altar of the Shining One.
  5494 | D:2      | Found a sacrificial altar of Ru.
  5589 | D:2      | Killed Sigmund
  5589 | D:2      | Reached skill level 9 in Axes
  5589 | D:2      | Reached skill level 1 in Stealth
  6432 | D:3      | Killed Terence
  7952 | D:7      | Noticed Dustman's ghost (amateur FeMo)
  7965 | D:7      | Killed Dustman's ghost
  7965 | D:7      | Reached XP level 9. HP: 46/77 MP: 8/8
  8085 | D:7      | Reached skill level 1 in Evocations
  8705 | D:7      | Reached skill level 10 in Axes
  9694 | D:9      | Got a smelly ring mail
  9706 | D:9      | Noticed a troll
  9712 | D:9      | Killed a troll
  9814 | D:9      | Reached skill level 11 in Axes
  9988 | D:9      | Reached XP level 10. HP: 57/88 MP: 9/9
 10128 | D:9      | Reached skill level 10 in Armour
 10132 | D:9      | Reached skill level 12 in Axes
 10965 | D:10     | Entered Level 10 of the Dungeon
 11000 | D:10     | Noticed Grum
 11014 | D:10     | Killed Grum
 11291 | D:10     | Found Seesofe's Weapon Shoppe.
 11456 | D:10     | Noticed Psyche
 11459 | D:10     | Paralysed by Psyche for 7 turns
 11466 | D:10     | Noticed Nergalle
 11470 | D:10     | Killed Psyche
 11539 | D:11     | Found a labyrinth entrance.
 11621 | D:11     | Reached skill level 13 in Axes
 11657 | Lab      | Entered a labyrinth
 12463 | Lab      | Paralysed by fainting for 7 turns
 14116 | Lab      | Noticed a minotaur
 14128 | Lab      | Killed a minotaur
 14128 | Lab      | Reached XP level 11. HP: 37/97 MP: 10/10
 14401 | Lab      | Got a faintly glowing ruby amulet
 14403 | Lab      | Got a transparent scale mail
 14424 | Lab      | Identified the cursed +0 ring mail of Foolhardiness {rPois Dex+4} (You found it on level 9 of the Dungeon)
 14441 | Lab      | Got a jade-encrusted scale mail
 14454 | Lab      | Identified the +3 scale mail "Wel Hote" {+Blink} (You found it in a labyrinth)
 14464 | Lab      | Identified the +1 scale mail "Gugaef" {Dex+5} (You found it in a labyrinth)
 14766 | D:11     | Identified the amulet "Musics" {RegenMP Str+2} (You found it in a labyrinth)
 15515 | D:11     | Reached skill level 14 in Axes
 15834 | D:11     | Noticed a two-headed ogre
 15838 | D:11     | Killed a two-headed ogre
 15838 | D:11     | Reached skill level 10 in Fighting
 16150 | D:10     | Killed Nergalle
 16347 | D:10     | Found a staircase to the Lair.
 16540 | D:10     | Noticed a two-headed ogre
 16544 | D:10     | Killed a two-headed ogre
 16661 | D:10     | Noticed a two-headed ogre
 16669 | D:10     | Killed a two-headed ogre
 17059 | Lair:1   | Entered Level 1 of the Lair of Beasts
 17194 | Lair:1   | Reached XP level 12. HP: 91/106 MP: 13/13
 17274 | Lair:1   | Reached skill level 15 in Axes
 18106 | Lair:2   | Got a faintly glowing hand crossbow
 18111 | Lair:2   | Identified the +0 hand crossbow of the Enchanted Forest {velocity, Int+2} (You found it on level 2 of the Lair of Beasts)
 18179 | Lair:2   | Noticed a five-headed hydra
 18191 | Lair:2   | Killed a five-headed hydra
 18655 | Lair:2   | Reached skill level 1 in Polearms
 19478 | Lair:3   | Reached skill level 16 in Axes
 19911 | Lair:3   | Reached skill level 5 in Evocations
 20042 | Lair:4   | Reached skill level 5 in Dodging
 20042 | Lair:4   | Reached XP level 13. HP: 87/116 MP: 15/15
 20281 | Lair:4   | Found a hole to the Spider Nest.
 20416 | Lair:4   | Found a staircase to the Shoals.
 20491 | Lair:4   | Found a shadowy altar of Dithmenos.
 21295 | Lair:5   | Found a frozen archway.
 21333 | IceCv    | Entered an ice cave
 22898 | IceCv    | Noticed a frost giant
 23080 | IceCv    | Killed a frost giant
 24275 | Lair:5   | Found a staircase to the Slime Pits.
 24340 | Lair:5   | Reached skill level 17 in Axes
 24587 | Lair:5   | Reached XP level 14. HP: 99/127 MP: 14/18
 24864 | Lair:5   | Reached skill level 1 in Spellcasting
 25242 | Lair:6   | Entered Level 6 of the Lair of Beasts
 26101 | Lair:6   | Learned a level 2 spell: Swiftness
 26188 | Lair:6   | Reached skill level 10 in Shields
 27757 | Lair:6   | Noticed Rupert
 27861 | Lair:6   | Paralysed by Rupert for 2 turns
 27867 | Lair:6   | Paralysed by Rupert for 6 turns
 28472 | D:12     | Found a staircase to the Orcish Mines.
 28919 | D:12     | Reached skill level 1 in Air Magic
 28932 | D:12     | Found a roughly hewn altar of Beogh.
 29292 | D:12     | Reached XP level 15. HP: 136/136 MP: 20/20
 29821 | D:13     | Found a roughly hewn altar of Beogh.
 30418 | D:13     | Found a gate to the Vaults.
 31925 | D:15     | Entered Level 15 of the Dungeon
 31932 | D:14     | Reached skill level 1 in Charms
 31941 | D:14     | Reached skill level 18 in Axes
 32776 | D:15     | Noticed Louise
 32801 | D:15     | Killed Louise
 32801 | D:15     | Reached skill level 15 in Armour
 32811 | D:15     | Found a staircase to the Depths.
 32814 | D:15     | Noticed a frost giant
 32820 | D:15     | Killed a frost giant
 33694 | Orc:1    | Entered Level 1 of the Orcish Mines
 33694 | Orc:1    | Noticed Maurice
 33694 | Orc:1    | Noticed an orc warlord
 34346 | D:11     | Killed an orc warlord
 34517 | D:12     | Killed Maurice
 35123 | Orc:2    | Entered Level 2 of the Orcish Mines
 35123 | Orc:2    | Noticed Erolcha
 35146 | Orc:2    | Noticed an orc warlord
 35813 | Orc:1    | Killed an orc warlord
 35813 | Orc:1    | Reached XP level 16. HP: 69/147 MP: 11/21
 36740 | Orc:2    | Found Juqibleg's Antique Weapon Boutique.
 37071 | Orc:2    | Noticed Nessos
 37821 | Orc:2    | Killed Nessos
 37841 | Orc:2    | Found Keacyzoag's Antique Armour Boutique.
 37854 | Orc:2    | Paralysed by Erolcha for 5 turns
 37864 | Orc:2    | Killed Erolcha
 37904 | Orc:2    | Found Ycir's Jewellery Shop.
 37926 | Orc:2    | Found Ojeupn's General Store.
 38012 | Orc:2    | Found a staircase to the Elven Halls.
 38894 | Shoals:1 | Entered Level 1 of the Shoals
 39643 | Shoals:1 | Reached skill level 15 in Fighting
 39956 | Shoals:1 | Reached skill level 5 in Spellcasting
 41918 | Shoals:2 | Noticed a kraken
 42051 | Shoals:2 | Killed a kraken
 44839 | Shoals:3 | Reached XP level 17. HP: 156/156 MP: 24/24
 45317 | Shoals:4 | Entered Level 4 of the Shoals
 45333 | Shoals:4 | Noticed Jorgrun
 45363 | Shoals:4 | Noticed Ilsuiw
 45845 | Shoals:3 | HP: 3/156 [Jorgrun/Shatter (63)]
 45848 | Shoals:3 | Killed from afar by Jorgrun

Skill      XL: |  1  2  3  4  5  6  7  8  9 10 11 12 13 14 15 16 |
---------------+-------------------------------------------------+-----
Armour         | 4 5 6 8 9 10 12 13 14 15 16 | 16.1
Axes           | 4 5 7 9 11 13 14 16 17 18 | 18.8
Fighting       | 4 5 6 7 9 10 11 12 13 14 15 | 15.6
Shields        | 4 5 6 7 9 10 12 13 | 13.4
Dodging        | 1 2 3 4 5 |  5.8
Stealth        | 1 2 |  2.5
Evocations     | 1 2 5 7 8 |  8.2
Polearms       | 1 2 4 |  4.1
Spellcasting   | 3 4 5 |  5.5
Air Magic      | 1 |  1.2
Charms         | 2 4 |  4.0

Action                   |  1- 3 |  4- 6 |  7- 9 | 10-12 | 13-15 | 16-18 || total
-------------------------+-------+-------+-------+-------+-------+-------++-------
Melee: War axe           |    42 |   105 |   194 |   558 |  1371 |   829 ||  3099
       Headbutt          |     8 |    12 |    53 |   147 |   359 |   183 ||   762
       Battleaxe         |       |       |    92 |       |    51 |       ||   143
       Trident           |       |       |       |     7 |    23 |       ||    30
       Glaive            |       |       |       |       |     1 |       ||     1
 Abil: Evoke Flight      |       |       |       |       |       |     1 ||     1
Evoke: Wand              |       |       |     4 |       |       |     1 ||     5
  Use: Scroll            |       |       |    11 |    11 |     8 |     9 ||    39
       Potion            |       |       |     2 |     1 |     1 |    13 ||    17
  Eat: Chunk             |       |     5 |    19 |    22 |    45 |    21 ||   112
       Royal jelly       |       |       |     2 |     3 |     1 |     4 ||    10
       Meat ration       |       |       |       |     1 |       |       ||     1
       Fruit             |       |       |       |       |     4 |     4 ||     8
Armor: Scale mail        |    33 |    54 |    17 |   108 |       |       ||   212
       Chain mail        |       |       |   143 |    97 |       |       ||   240
       Ring mail         |       |       |       |     1 |       |       ||     1
       Plate armour      |       |       |       |   111 |   649 |   271 ||  1031
Dodge: Dodged            |    21 |    38 |   128 |   250 |   556 |   348 ||  1341
Block: Shield            |    35 |    75 |    14 |   108 |   782 |   538 ||  1552
